 Dungeon Crawl Stone Soup version 0.30.1 (webtiles) character file.

Game seed: 824908064672204347

43 shmup the Firebug (level 3, 0/19 HPs)
             Began as a Tengu Fire Elementalist on July 10, 2023.
             Slain by Terence
             ... wielding a +0 short sword
              (7 damage)
             ... on level 2 of the Dungeon.
             The game lasted 00:04:31 (1767 turns).

shmup the Firebug (Tengu Fire Elementalist)         Turns: 1767, Time: 00:04:32

Health: 0/19       AC:  2    Str:  8    XL:     3   Next: 58%
Magic:  0/7        EV: 12    Int: 17    God:
Gold:   101        SH:  0    Dex: 14    Spells: 3/6 levels left

rFire   + . .        o - +0 dagger
rCold   x . .        (no shield)
rNeg    . . .        a - +0 robe
rPois   .            (helmet restricted)
rElec   .            (no cloak)
rCorr   .            (no gloves)
SInv    .            (boots unavailable)
Will    .....        (no amulet)
Stlth   ++           g - ring of fire
HPRegen 0.23/turn    n - +4 ring of slaying
MPRegen 0.10/turn

%: no passive effects
@: no status effects
A: beak, talons 3
a: no special abilities


You were on level 2 of the Dungeon.
You visited 1 branch of the dungeon, and saw 2 of its levels.

You collected 101 gold pieces.

Inventory:

Hand Weapons
 o - a +0 dagger (weapon)
 p - a +0 short sword
Missiles
 i - 26 stones (quivered)
 m - 6 boomerangs
Armour
 a - a +0 robe (worn)
Jewellery
 g - a ring of fire (left hand)
 n - a +4 ring of slaying (right hand)
Scrolls
 e - 2 scrolls of magic mapping {unknown}
 f - a scroll of noise {unknown}
 h - a scroll of vulnerability {unknown}
 k - 2 scrolls of identify {unknown}
 l - 2 scrolls of fear {unknown}
 r - a scroll of torment {unknown}
Potions
 b - a potion of magic
 c - a potion of heal wounds {unknown}
 d - a potion of curing {unknown}
 j - 2 potions of attraction {unknown}
 q - a potion of degeneration {unknown}


   Skills:
 + Level 2.7 Dodging
 + Level 2.3 Stealth
 + Level 2.2 Spellcasting
 + Level 2.1 Conjurations
 * Level 3.9 Fire Magic


You had 3 spell levels left.
You knew the following spells:

 Your Spells              Type           Power      Damage    Failure   Level
a - Foxfire               Conj/Fire      72%        2x1d7     5%          1
b - Scorch                Fire           46%        2d6       5%          2

Your spell library contained the following spells:

 Spells                   Type           Power      Damage    Failure   Level
 Inner Flame              Hex/Fire       13%        N/A       26%         3
 Volatile Blastmotes      Fire/Tloc      26%        2d12      26%         3
 Flame Wave               Conj/Fire      18%        2d7       47%         4


Dungeon Overview and Level Annotations

Branches:
Dungeon (2/15)

Altars:

Annotations:
D:2 Terence


Innate Abilities, Weirdness & Mutations

You have a beak for a mouth.
You have claws for feet.


Message History

There is a stone staircase leading down here.
Casting: Scorch (safe; 5% risk of failure)
Confirm with . or Enter, or press ? or * to list all spells.
You feel a surge of power!
Flames lash Terence.
Terence is moderately wounded.
Terence's fire resistance burns away.
Casting: Scorch (safe; 5% risk of failure)
Confirm with . or Enter, or press ? or * to list all spells.
You feel a surge of power!
Flames lash Terence.
Terence is burned terribly!
Terence is heavily wounded.
Terence misses you.
Casting: Scorch (safe; 5% risk of failure)
Confirm with . or Enter, or press ? or * to list all spells.
You feel a surge of power!
Flames lash Terence but do no damage.
Terence hits you with a +0 short sword.
You hit Terence. Your kick misses Terence.
Terence is heavily wounded.
Terence hits you with a +0 short sword.
Unknown command.
Casting: Scorch (safe; 5% risk of failure)
Confirm with . or Enter, or press ? or * to list all spells.
You don't have enough magic to cast this spell.
You barely miss Terence. You claw Terence. You peck Terence.
Terence is almost dead.
Terence completely misses you.
Unknown command.
You hit Terence.
Terence is almost dead.
Terence hits you with a +0 short sword.
* * * LOW HITPOINT WARNING * * *
Unknown command.
Casting: Scorch (safe; 5% risk of failure)
Confirm with . or Enter, or press ? or * to list all spells.
You don't have enough magic to cast this spell.
Unknown command.
Casting: Scorch (safe; 5% risk of failure)
Confirm with . or Enter, or press ? or * to list all spells.
You feel a surge of power!
You conjure some foxfire!
Terence hits you with a +0 short sword!
You die...

..▒▒▒>▒
▒.▒▒▒▒▒▒.▒ ▒.▒
......▒▒▒▒▒.▒
▒.▒ ▒▒.▒▒
.((%........▒
▒▒.▒▒ ▒...▒
.....▒▒▒▒▒▒▒▒
▒▒...▒▒ ▒...▒
...).▒
▒▒.▒▒▒.▒▒
▒▒▒▒...▒ .....▒
▒.▒▒ ▒▒.▒
▒....... ...▒▒▒
▒.▒ ▒.▒
▒..).... ...▒
▒v▒▒ ▒▒.▒
▒....... .▒▒▒▒
▒▒Q▒ ▒..▒
▒▒.▒...▒ ....▒
▒▒@..▒.▒
▒.▒...▒ .▒▒.▒
▒▒▒▒▒.▒ ▒.▒...▒
▒▒ .. ▒.▒
▒.▒▒▒▒▒ ▒▒
▒▒▒.▒ ▒.▒
▒...▒▒▒▒▒.▒▒▒▒▒
▒.▒...........<
▒.▒.▒▒▒▒▒.▒▒▒▒▒
▒.▒ ▒.▒.▒ ▒..▒
▒


You could see Terence (combustible, ally target).

Vanquished Creatures
  An adder (D:2)
  A worm (D:2)
  A dart slug (D:1)
  A bat (D:1)
  3 endoplasms
  A goblin (D:2)
  A hobgoblin (D:2)
  3 kobolds (D:2)
  4 quokkas
  7 ball pythons
  3 frilled lizards
  2 rats
28 creatures vanquished.

Vanquished Creatures (others)
  17 foxfires (D:1)
17 creatures vanquished.

Grand Total: 45 creatures vanquished

Notes
Turn   | Place    | Note
-------+----------+-------------------------------------------
     0 | D:1      | shmup the Tengu Fire Elementalist began the quest for the
                  | Orb.
     0 | D:1      | Reached XP level 1. HP: 10/10 MP: 4/4
   167 | D:1      | Reached XP level 2. HP: 15/15 MP: 3/6
   282 | D:1      | Learned a level 2 spell: Scorch
  1157 | D:2      | Noticed Terence
  1255 | D:2      | Reached XP level 3. HP: 19/19 MP: 7/7
  1767 | D:2      | Slain by Terence

Illustrated notes

Levels and vault maps discovered:
D:1:      shiori_shiawase, layout_loops_ring, chequers_serial_rivers_large_a,
          palyth_stone_intersect
D:2:      layout_loops_ring, minivault_27, st_stairs_10, uniq_terence

Skill      XL: |  1  2  3 |
---------------+----------+-----
Conjurations   | 2 |  2.1
Dodging        | |  2.7
Stealth        | |  2.3
Spellcasting   | |  2.2
Fire Magic     | |  3.9

Action                     || total
---------------------------++-------
  Melee: Unarmed           ||     6
         Kick              ||     8
         Dagger            ||    20
         Peck              ||     5
   Cast: Foxfire           ||    10
         Scorch            ||    21
   Stab: Sleeping          ||     2
 Armour: Robe              ||    11
  Dodge: Dodged            ||    37
